PL
CHICAGO GOLD SOX @ WIZARDING EXPRESS
09/29/2029
 
TOP OF THE 1ST
Chicago Gold Sox batting - Pitching for Wizarding Express : RHP Kenny Koehler
Pitching: RHP Kenny Koehler
Batting: LHB Stanley Belote 0-0: Ball
1-0: Ball
2-0: SOLO HOME RUN (Flyball, 9D), Distance : 356 ft
Batting: LHB Noel Ballard 0-0: Called Strike
0-1: Foul Ball, location: 2F
0-2: Ground out 4-3 (Groundball, 4)
Batting: LHB Melvin Castro 0-0: Ball
1-0: Called Strike
1-1: Ball
2-1: Ball
3-1: Base on Balls
Batting: LHB Dewitt Hopper 0-0: Called Strike
0-1: Reached on error, E6 (Groundball, 6M)
Melvin Castro to second
Batting: SHB Lupo Cotto 0-0: Ball
1-0: Swinging Strike
1-1: Called Strike
1-2: Ball
2-2: Strikes out looking
Batting: LHB Ricardo Collazo 0-0: Ground out 4-3 (Groundball, 4)
Top of the 1st over - 1 run, 1 hit, 1 error, 2 left on base; Chicago 1 - Wizarding 0
BOTTOM OF THE 1ST
Wizarding Express batting - Pitching for Chicago Gold Sox : LHP Keisuke Nishida
Pitching: LHP Keisuke Nishida
Batting: RHB António Martínez 0-0: Called Strike
0-1: Ball
1-1: Foul Ball, location: 2F
1-2: Ball
2-2: Foul Ball, location: 2F
2-2: Ball
3-2: SINGLE (Line Drive, 6MD)
Batting: RHB Rafael Arredondo 0-0: Ball
1-0: Ball
2-0: Foul Ball, location: 2F
2-1: Foul Ball, location: 2F
2-2: Foul Ball, location: 2F
2-2: Grounds into double play, 5-4-3 (Groundball, 56)
Batting: LHB Nathan Tanner 0-0: Ball
1-0: Ground out 6-3 (Groundball, 6)
Bottom of the 1st over - 0 runs, 1 hit, 0 errors, 0 left on base; Chicago 1 - Wizarding 0
TOP OF THE 2ND
Chicago Gold Sox batting - Pitching for Wizarding Express : RHP Kenny Koehler
Batting: RHB Manuel Guillama 0-0: Called Strike
0-1: Ball
1-1: Ball
2-1: Fly out, F5 (Popup, 5F)
Batting: RHB Zeus Preckwinkle 0-0: Ball
1-0: Ball
2-0: Ball
3-0: Called Strike
3-1: SINGLE (Groundball, 56D)
Batting: LHB Naohiro Sakai 0-0: Foul Ball, location: 2F
0-1: Ground out 4-3 (Groundball, 34D)
Zeus Preckwinkle to second
Batting: LHB Stanley Belote 0-0: Foul Ball, location: 2F
0-1: Foul Ball, location: 2F
0-2: Fly out, F4 (Line Drive, 4)
Top of the 2nd over - 0 runs, 1 hit, 0 errors, 1 left on base; Chicago 1 - Wizarding 0
BOTTOM OF THE 2ND
Wizarding Express batting - Pitching for Chicago Gold Sox : LHP Keisuke Nishida
Batting: RHB Ralph Cranford 0-0: Ball
1-0: Ball
2-0: Called Strike
2-1: Ball
3-1: Fly out, F6 (Popup, 56D)
Batting: LHB Júlio Valentín 0-0: Foul Ball, location: 2F
0-1: Ball
1-1: Foul Ball, location: 2F
1-2: Ball
2-2: Ground out 3-1 (Groundball, 34)
Batting: LHB José Corona 0-0: Ball
1-0: Ball
2-0: SINGLE (Groundball, 34D)
Batting: SHB Salvador Trevino 0-0: Ball
José Corona steals 2nd base
1-0: Foul Ball, location: 2F
1-1: Ground out 6-3 (Groundball, 6)
Bottom of the 2nd over - 0 runs, 1 hit, 0 errors, 1 left on base; Chicago 1 - Wizarding 0
TOP OF THE 3RD
Chicago Gold Sox batting - Pitching for Wizarding Express : RHP Kenny Koehler
Batting: LHB Noel Ballard 0-0: Ground out U3 (Groundball, 34)
Batting: LHB Melvin Castro 0-0: Called Strike
0-1: Foul Ball, location: 2F
0-2: Foul Ball, location: 2F
0-2: Strikes out swinging
Batting: LHB Dewitt Hopper 0-0: Ball
1-0: Called Strike
1-1: Foul Ball, location: 2F
1-2: Strikes out looking
Top of the 3rd over - 0 runs, 0 hits, 0 errors, 0 left on base; Chicago 1 - Wizarding 0
BOTTOM OF THE 3RD
Wizarding Express batting - Pitching for Chicago Gold Sox : LHP Keisuke Nishida
Batting: RHB Frank Grimes 0-0: Ball
1-0: Ground out 5-3 (Groundball, 2L)
Batting: LHB António Boccanegra 0-0: Called Strike
0-1: Ball
1-1: Ground out 1-3 (Groundball, 13S)
Batting: RHB António Martínez 0-0: Ball
1-0: Ball
2-0: Ball
3-0: Base on Balls
Batting: RHB Rafael Arredondo 0-0: Ball
1-0: Ball
2-0: Ball
3-0: Called Strike
3-1: Base on Balls
António Martínez to second
Batting: LHB Nathan Tanner 0-0: Foul Ball, location: 2F
0-1: SINGLE (Line Drive, 34)
António Martínez to third
Rafael Arredondo to second
Runner from 3rd tries for Home, SAFE, no throw
Batting: RHB Ralph Cranford 0-0: Ball
1-0: Called Strike
1-1: Ball
2-1: Foul Ball, location: 2F
2-2: Strikes out swinging
Bottom of the 3rd over - 1 run, 1 hit, 0 errors, 2 left on base; Chicago 1 - Wizarding 1
TOP OF THE 4TH
Chicago Gold Sox batting - Pitching for Wizarding Express : RHP Kenny Koehler
Batting: SHB Lupo Cotto 0-0: Swinging Strike
0-1: Ball
1-1: Foul Ball, location: 2F
1-2: Ball
2-2: Ball
3-2: Base on Balls
Batting: LHB Ricardo Collazo 0-0: Fly out, F7 (Flyball, 7LD)
Batting: RHB Manuel Guillama 0-0: Ball
1-0: Fly out, F9 (Flyball, 9LSF)
Batting: RHB Zeus Preckwinkle 0-0: Swinging Strike
0-1: Ball
1-1: Ball
2-1: DOUBLE (Groundball, 5L)
Lupo Cotto to third
Runner from 3rd tries for Home, SAFE, no throw
Batting: LHB Naohiro Sakai 0-0: Ball
1-0: Ball
2-0: Called Strike
2-1: Ball
3-1: DOUBLE (Line Drive, 8LXD)
Zeus Preckwinkle scores
Batting: LHB Stanley Belote 0-0: Called Strike
0-1: Swinging Strike
0-2: Hit by Pitch
Batting: LHB Noel Ballard 0-0: Swinging Strike
0-1: Ball
1-1: Called Strike
1-2: Ball
2-2: Foul Ball, location: 2F
2-2: Ball
3-2: Ground out 6-3 (Groundball, 6)
Top of the 4th over - 2 runs, 2 hits, 0 errors, 2 left on base; Chicago 3 - Wizarding 1
BOTTOM OF THE 4TH
Wizarding Express batting - Pitching for Chicago Gold Sox : LHP Keisuke Nishida
Batting: LHB Júlio Valentín 0-0: Foul Ball, location: 2F
0-1: Called Strike
0-2: Ground out 4-3 (Groundball, 4)
Batting: LHB José Corona 0-0: Called Strike
0-1: Foul Ball, location: 2F
0-2: Fly out, F6 (Flyball, 56D)
Batting: SHB Salvador Trevino 0-0: Foul Ball, location: 2F
0-1: Ball
1-1: Swinging Strike
1-2: Ball
2-2: Strikes out looking
Bottom of the 4th over - 0 runs, 0 hits, 0 errors, 0 left on base; Chicago 3 - Wizarding 1
TOP OF THE 5TH
Chicago Gold Sox batting - Pitching for Wizarding Express : RHP Kenny Koehler
Batting: LHB Melvin Castro 0-0: Ball
1-0: SINGLE (Flyball, 89S)
Batting: LHB Dewitt Hopper 0-0: Foul Ball, location: 2F
0-1: Fly out, F9 (Flyball, 89M)
Batting: SHB Lupo Cotto 0-0: Ball
1-0: Ball
2-0: Called Strike
2-1: Foul Ball, location: 2F
2-2: Foul Ball, location: 2F
2-2: SINGLE (Groundball, 4MD)
Melvin Castro to second
Runner from 2nd tries for 3rd, SAFE, no throw
Batting: LHB Ricardo Collazo 0-0: Called Strike
0-1: Foul Ball, location: 2F
0-2: Ball
1-2: Hit by Pitch
Lupo Cotto to second
Batting: RHB Manuel Guillama 0-0: Called Strike
0-1: Swinging Strike
0-2: Fly out, F8 (Flyball, 8LM)
Runner from 3rd tags up, SCORES, throw made
Batting: RHB Zeus Preckwinkle 0-0: Called Strike
0-1: Ball
1-1: Ball
2-1: Foul Ball, location: 2F
2-2: Ball
3-2: Strikes out swinging
Top of the 5th over - 1 run, 2 hits, 0 errors, 2 left on base; Chicago 4 - Wizarding 1
BOTTOM OF THE 5TH
Wizarding Express batting - Pitching for Chicago Gold Sox : LHP Keisuke Nishida
Batting: RHB Frank Grimes 0-0: Ball
1-0: Called Strike
1-1: Ball
2-1: Swinging Strike
2-2: Foul Ball, location: 2F
2-2: Strikes out swinging
Batting: LHB António Boccanegra 0-0: Called Strike
0-1: Ball
1-1: SINGLE (Line Drive, 6M)
Batting: RHB António Martínez 0-0: Called Strike
0-1: Ball
1-1: Foul Ball, location: 2F
1-2: Foul Ball, location: 2F
1-2: Strikes out looking
Batting: RHB Rafael Arredondo 0-0: Foul Ball, location: 2F
0-1: Called Strike
0-2: Ball
1-2: Ball
2-2: Ball
3-2: Ground out 4-3 (Groundball, 4MD)
Bottom of the 5th over - 0 runs, 1 hit, 0 errors, 1 left on base; Chicago 4 - Wizarding 1
TOP OF THE 6TH
Chicago Gold Sox batting - Pitching for Wizarding Express : RHP Kenny Koehler
Batting: LHB Naohiro Sakai 0-0: Foul Ball, location: 2F
0-1: Ball
1-1: Ball
2-1: SINGLE (Flyball, 9S)
Pitching: RHP Biff Tannen
Batting: LHB Stanley Belote 0-0: Called Strike
0-1: Swinging Strike
0-2: Ball
1-2: Strikes out swinging
Batting: LHB Noel Ballard 0-0: Ball
1-0: Foul Ball, location: 2F
1-1: Ground out 4-3 (Groundball, 4S)
Naohiro Sakai to second
Batting: LHB Melvin Castro 0-0: Ball
1-0: Swinging Strike
1-1: Fly out, F9 (Flyball, 89S)
Top of the 6th over - 0 runs, 1 hit, 0 errors, 1 left on base; Chicago 4 - Wizarding 1
BOTTOM OF THE 6TH
Wizarding Express batting - Pitching for Chicago Gold Sox : LHP Keisuke Nishida
Batting: LHB Nathan Tanner 0-0: Called Strike
0-1: Ball
1-1: Ball
2-1: Ground out 5-3 (Groundball, 5L)
Batting: RHB Ralph Cranford 0-0: Fly out, F3 (Popup, 3S)
Batting: LHB Júlio Valentín 0-0: Called Strike
0-1: Fly out, F7 (Flyball, 7)
Bottom of the 6th over - 0 runs, 0 hits, 0 errors, 0 left on base; Chicago 4 - Wizarding 1
TOP OF THE 7TH
Chicago Gold Sox batting - Pitching for Wizarding Express : RHP Biff Tannen
Batting: LHB Dewitt Hopper 0-0: Ball
1-0: Foul Ball, location: 2F
1-1: Foul Ball, location: 2F
1-2: Strikes out looking
Batting: SHB Lupo Cotto 0-0: Swinging Strike
0-1: DOUBLE (Line Drive, 9LS)
Batting: LHB Ricardo Collazo 0-0: Ball
1-0: Ground out U3 (Groundball, 3L)
Lupo Cotto to third
Batting: RHB Manuel Guillama 0-0: Called Strike
0-1: Ground out 6-3 (Groundball, 6)
Top of the 7th over - 0 runs, 1 hit, 0 errors, 1 left on base; Chicago 4 - Wizarding 1
BOTTOM OF THE 7TH
Wizarding Express batting - Pitching for Chicago Gold Sox : LHP Keisuke Nishida
Pitching: RHP Rafael García
Batting: LHB José Corona 0-0: Fly out, F8 (Flyball, 8LS)
Batting: SHB Salvador Trevino 0-0: Foul Ball, location: 2F
0-1: Called Strike
0-2: Foul Ball, location: 2F
0-2: Ball
1-2: Strikes out looking
Batting: RHB Frank Grimes 0-0: Ball
1-0: Ball
2-0: SINGLE (Line Drive, 34D)
Batting: LHB António Boccanegra 0-0: Ball
1-0: Foul Ball, location: 2F
1-1: Ground out 6-3 (Groundball, 6S)
Bottom of the 7th over - 0 runs, 1 hit, 0 errors, 1 left on base; Chicago 4 - Wizarding 1
TOP OF THE 8TH
Chicago Gold Sox batting - Pitching for Wizarding Express : RHP Biff Tannen
Batting: RHB Zeus Preckwinkle 0-0: Foul Ball, location: 2F
0-1: Ball
1-1: Swinging Strike
1-2: Ball
2-2: Foul Ball, location: 2F
2-2: Ball
3-2: Foul Ball, location: 2F
3-2: Foul Ball, location: 2F
3-2: Base on Balls
Batting: LHB Naohiro Sakai 0-0: Ball
1-0: Ball
2-0: Called Strike
2-1: Fielders Choice at 2nd, 4-6 (Groundball, 4)
Batting: LHB Stanley Belote 0-0: Called Strike
0-1: Foul Ball, location: 2F
0-2: Foul Ball, location: 2F
0-2: Strikes out looking
Batting: LHB Noel Ballard 0-0: Ball
1-0: Ball
2-0: Ball
3-0: Base on Balls
Naohiro Sakai to second
Batting: LHB Melvin Castro 0-0: Ball
1-0: Foul Ball, location: 2F
1-1: Swinging Strike
1-2: Ball
2-2: Ball
3-2: Fly out, F2 (Popup, 25F)
Top of the 8th over - 0 runs, 0 hits, 0 errors, 2 left on base; Chicago 4 - Wizarding 1
BOTTOM OF THE 8TH
Wizarding Express batting - Pitching for Chicago Gold Sox : RHP Rafael García
Batting: RHB António Martínez 0-0: Ball
1-0: Called Strike
1-1: Foul Ball, location: 2F
1-2: Fly out, F8 (Flyball, 8RS)
Batting: RHB Rafael Arredondo 0-0: Called Strike
0-1: SINGLE (Groundball, 6MD)
Batting: LHB Nathan Tanner 0-0: Ball
1-0: Foul Ball, location: 2F
1-1: Swinging Strike
1-2: Reached on error, E6 (Groundball, 6M)
Rafael Arredondo to second
Batting: RHB Ralph Cranford 0-0: Ball
1-0: Swinging Strike
1-1: Ball
2-1: Swinging Strike
2-2: Strikes out swinging
Batting: LHB Júlio Valentín 0-0: Ball
1-0: Ball
2-0: Fly out, F8 (Flyball, 8RM)
Bottom of the 8th over - 0 runs, 1 hit, 1 error, 2 left on base; Chicago 4 - Wizarding 1
TOP OF THE 9TH
Chicago Gold Sox batting - Pitching for Wizarding Express : RHP Biff Tannen
Batting: LHB Dewitt Hopper 0-0: Called Strike
0-1: Ball
1-1: SOLO HOME RUN (Flyball, 89XD), Distance : 372 ft
Batting: SHB Lupo Cotto 0-0: Swinging Strike
0-1: Swinging Strike
0-2: Foul Ball, location: 2F
0-2: Ball
1-2: Ball
2-2: Fly out, F9 (Flyball, 9S)
Batting: LHB Ricardo Collazo 0-0: Swinging Strike
0-1: Ball
1-1: Ball
2-1: Ground out 6-3 (Groundball, 6)
Batting: RHB Manuel Guillama 0-0: Ball
1-0: Ball
2-0: SINGLE (Groundball, 6MD)
Pitching: LHP Eijiro Takahashi
Batting: RHB Zeus Preckwinkle 0-0: Fly out, F1 (Popup, 13)
Top of the 9th over - 1 run, 2 hits, 0 errors, 1 left on base; Chicago 5 - Wizarding 1
BOTTOM OF THE 9TH
Wizarding Express batting - Pitching for Chicago Gold Sox : RHP Rafael García
Batting: LHB José Corona 0-0: Swinging Strike
0-1: Ball
1-1: Ball
2-1: Fly out, F9 (Flyball, 9)
Batting: SHB Salvador Trevino 0-0: Ball
1-0: Fly out, F7 (Flyball, 7S)
Batting: RHB Frank Grimes 0-0: Ball
1-0: Fly out, F6 (Flyball, 6MD)
Bottom of the 9th over - 0 runs, 0 hits, 0 errors, 0 left on base; Chicago 5 - Wizarding 1
Tuesday, December 19th, 2017 - OOTP Baseball 18.8 Build 76